 Dungeon Crawl Stone Soup version 0.26.1-11-gd32895ea62 (webtiles) character file.

Game seed: 15269466942325163829

191 wheatie the Chopper (level 5, -17/47 HPs)
             Began as a Hill Orc Fighter on July 21, 2021.
             Was an Initiate of Gozag.
             Demolished by an orc warrior
             ... wielding a +1 dire flail of protection
              (23 damage)
             ... on level 5 of the Dungeon.
             The game lasted 00:12:21 (2225 turns).

wheatie the Chopper (Hill Orc Fighter)              Turns: 2225, Time: 00:12:21

Health: -17/47     AC:  8    Str: 20    XL:     5   Next: 70%
Magic:  5/5        EV:  7    Int:  8    God:    Gozag
Gold:   134        SH:  9    Dex: 10    Spells: 4/4 levels left

rFire    . . .     SeeInvis .   a - +1 war axe
rCold    . . .     Faith    .   c - +0 kite shield
rNeg     . . .     Spirit   .   b - +1 scale mail
rPois    .         Reflect  .   (no helmet)
rElec    .         Harm     .   (no cloak)
rCorr    .         Rampage  .   (no gloves)
Will     +....                  (no boots)
Stlth    ..........             (no amulet)
HPRegen  0.15/turn              f - ring of willpower
MPRegen  0.09/turn              (no ring)

@: gold aura
A: no striking features
a: Renounce Religion, Convert to Beogh, Potion Petition, Call Merchant, Bribe
Branch


You were on level 5 of the Dungeon.
You worshipped Gozag.
Gozag was aware of your devotion.
You visited 1 branch of the dungeon, and saw 5 of its levels.

You collected 209 gold pieces.
You paid 75 gold pieces to Gozag.

Inventory:

Hand Weapons
 a - a +1 war axe (weapon)
 e - a +0 dagger
Armour
 b - a +1 scale mail (worn)
 c - a +0 kite shield (worn)
Jewellery
 f - a ring of willpower (left hand)
Wands
 l - a wand of digging (3)
Scrolls
 d - 6 scrolls of identify
 g - 3 scrolls of enchant armour
 h - a scroll of amnesia
 k - a scroll of random uselessness
Potions
 j - a potion of haste {unknown}
 m - a potion of mutation {unknown}
 n - a potion of ambrosia {unknown}


   Skills:
 + Level 4.5 Fighting
 + Level 5.3 Axes
 + Level 4.2 Armour
 - Level 0.2 Dodging
 + Level 4.0 Shields


You had 4 spell levels left.
You didn't know any spells.
Your spell library was empty.

Dungeon Overview and Level Annotations

Branches:
Dungeon (5/15)
 Temple: D:4-7

Altars:
Ashenzari
Gozag
Zin


Message History

The orc warrior is moderately wounded.
The orc priest shouts, "Beogh is our master!
Accept the truth or die!" (press Y on the ability menu to convert to Beogh)
The orc warrior hits you with a +1 dire flail of protection!
As you read the scroll labelled COKKUU UM IMPU, it crumbles to dust.
It is a scroll of identify.
h - a scroll of amnesia
As you read the scroll labelled GAW WULOMPUSK, it crumbles to dust.
It is a scroll of enchant armour.
Your +0 scale mail glows green for a moment.
The orc warrior closely misses you. You block the orc's attack.
The orc priest calls down the wrath of Beogh upon you.
Beogh smites you!
* * * LOW HITPOINT WARNING * * *
As you read the scroll labelled XIMAIG WENWYD, it crumbles to dust.
It is a scroll of enchant weapon.
Your +0 war axe glows red for a moment.
The orc hits you but does no damage.
The orc warrior hits you with a +1 dire flail of protection!!
You die...
Your body crumbles into a pile of gold.

#.......##.........
#....o..........#..
##.....##.#.....##..
#......#..##.....#..
#..o##....###.......
#........## .......
##ooo...##
###o###..# #..@o#
... ###.## #. ### $


You could see an orc warrior, an orc priest and 4 orcs.

Vanquished Creatures
  A hound (D:4)
  2 worker ants (D:4)
  3 gnolls (D:4)
  3 adders
  An ooze (D:3)
  A worm (D:2)
  A dart slug (D:1)
  2 leopard geckos
  4 orcs
  2 ball pythons (D:1)
  6 bats
  6 goblins
  5 hobgoblins
  2 quokkas
  2 frilled lizards (D:3)
  5 kobolds
  3 rats
49 creatures vanquished.

Vanquished Creatures (others)
  A plant (D:2)
1 creature vanquished.

Grand Total: 50 creatures vanquished

Notes
Turn   | Place    | Note
-------+----------+-------------------------------------------
     0 | D:1      | wheatie the Hill Orc Fighter began the quest for the Orb.
     0 | D:1      | Reached XP level 1. HP: 19/19 MP: 1/1
    83 | D:1      | Reached XP level 2. HP: 27/27 MP: 2/2
   437 | D:2      | Reached XP level 3. HP: 29/33 MP: 3/3
   499 | D:2      | Reached skill level 3 in Axes
  1068 | D:3      | Reached XP level 4. HP: 27/40 MP: 4/4
  1304 | D:4      | Reached skill level 4 in Axes
  1587 | D:4      | Found a broken altar of Ashenzari.
  1636 | D:4      | Reached XP level 5. HP: 26/47 MP: 5/5
  1945 | D:4      | Found an opulent altar of Gozag.
  1956 | D:4      | Became a worshipper of Gozag Ym Sagoz the Greedy
  1964 | D:4      | Found a glowing silver altar of Zin.
  2162 | D:4      | Reached skill level 5 in Axes
  2189 | D:5      | Entered Level 5 of the Dungeon
  2189 | D:5      | Noticed an orc warrior
  2225 | D:5      | Demolished by an orc warrior

Illustrated notes

Levels and vault maps discovered:
D:1:      saegor_arrival_miasma, layout_loops_ring
D:2:      layout_loops_ring, marbit_many_paths,
          gammafunk_temple_overflow_forgotten
D:3:      layout_rooms, kennysheep_crisscross, grunt_decor_clamped
D:4:      layout_gridville, pdpol_temple_overflow_zin_treasury_gozag_greed,
          lemuel_crystal_altar, gammafunk_ghost_necromancy,
          gup_ossuary_entry_pyramid, roderic_batcave, abandoned_shop,
          uniq_eustachio
D:5:      layout_cave_pools, eat_drink_and_be_merry_uskayaw

Skill      XL: |  1  2  3  4  5 |
---------------+----------------+-----
Axes           | 3 4 5 |  5.3
Fighting       | 4 |  4.5
Armour         | 4 |  4.2
Shields        | 4 |  4.0
Dodging        | |  0.2

Action                   |  1- 3 |  4- 6 || total
-------------------------+-------+-------++-------
Melee: War axe           |    93 |    86 ||   179
Evoke: Wand              |       |     1 ||     1
  Use: Scroll            |     1 |     3 ||     4
       Potion            |       |     1 ||     1
Armor: Scale mail        |    43 |    35 ||    78
Dodge: Dodged            |    27 |    28 ||    55
Block: Kite shield       |    48 |    43 ||    91
